 Dungeon Crawl Stone Soup version 0.30.1-11-g7821555f0a (webtiles) character file.

Game seed: 17641160123598197220

187 meek the Chopper (level 5, -12/39 HPs)
             Began as a Demonspawn Gladiator on Nov 17, 2023.
             Mangled by an ogre
             ... wielding a +0 giant club
              (32 damage)
             ... on level 5 of the Dungeon.
             The game lasted 00:04:13 (2288 turns).

meek the Chopper (Demonspawn Gladiator)             Turns: 2288, Time: 00:04:14

Health: -12/39     AC:  4    Str: 16    XL:     5   Next: 39%
Magic:  5/5        EV: 14    Int: 10    God:
Gold:   200        SH:  0    Dex: 14    Spells: 4/4 levels left

rFire   . . .        a - +0 war axe
rCold   . . .        (no shield)
rNeg    . . .        b - +0 leather armour
rPois   .            c - +0 helmet
rElec   .            (no cloak)
rCorr   .            (no gloves)
SInv    .            (no boots)
Will    .....        (no amulet)
Stlth   +            (no ring)
HPRegen 0.26/turn    (no ring)
MPRegen 0.09/turn

%: no passive effects
@: no status effects
A: repulsion field 1, weakness stinger 1
a: no special abilities


You were on level 5 of the Dungeon.
You visited 1 branch of the dungeon, and saw 4 of its levels.

You collected 200 gold pieces.

Inventory:

Hand Weapons
 a - a +0 war axe (weapon)
Missiles
 d - 2 throwing nets (quivered)
 e - a javelin
Armour
 b - a +0 leather armour (worn)
 c - a +0 helmet (worn)
Scrolls
 f - a scroll of teleportation {unknown}
 g - 7 scrolls of identify {unknown}
 j - 2 scrolls of poison {unknown}
 m - a scroll of fog {unknown}
 n - 2 scrolls of magic mapping {unknown}
 o - a scroll of silence {unknown}
 p - a scroll of blinking {unknown}
Potions
 h - a potion of brilliance {unknown}
 i - 2 potions of attraction {unknown}
 k - a potion of might {unknown}
 l - a potion of curing {unknown}
 q - 2 potions of flight {unknown}


   Skills:
 + Level 2.6 Fighting
 + Level 4.5 Axes
 + Level 1.7 Throwing
 + Level 1.5 Armour
 + Level 3.2 Dodging
 + Level 0.8 Stealth


You had 4 spell levels left.
You didn't know any spells.
Your spell library was empty.

Dungeon Overview and Level Annotations

Branches:
Dungeon (3/15)

Altars:
Cheibriados
Qazlal
Sif Muna


Innate Abilities, Weirdness & Mutations

You are surrounded by a mild repulsion field. (EV +2)
You have a small tail.


Message History

You miss the adder.
Your tail-slap misses the adder.
The adder is almost dead.
The adder barely misses you. x2
You barely miss the adder.
The adder is almost dead.
The adder bites you but does no damage. x2
You hit the adder.
You kill the adder!
You slash the orc!
You kill the orc!
The phantom completely misses you.
You hit the phantom.
The phantom is lightly damaged.
The phantom hits you.
You miss the phantom. You tail-slap the phantom!
The phantom is heavily damaged.
The phantom misses you.
You hit the phantom.
The phantom is heavily damaged.
The phantom misses you.
You slash the phantom!
The phantom is almost destroyed.
The phantom hits you.
The phantom blinks!
You blink.
The phantom hits you. The phantom hits you.
An ogre comes into view. It is wielding a +0 giant club.
The phantom barely misses you.
You closely miss the phantom.
The phantom is almost destroyed.
You hear the slow hiss of a distant avalanche of sand.
The phantom hits you but does no damage.
You completely miss the phantom.
The phantom is almost destroyed.
The phantom hits you but does no damage.
The ogre shouts!
You hit the phantom.
You destroy the phantom!
You have reached level 5!
The ogre hits you with a +0 giant club!!
Ouch! That really hurt!
You die...

.$.# #..# #.<#
##.. ... ## #.# ..
##.###.#.## #.#
#..@O...... #.#
##.#.##.#..# #.
#.# #.###.# #. #.#
##.#.## #. #.#
#..## #.
#.####..###.#
#.####...........#
#.#..........#####
####.#.########.#


You could see an ogre.

Vanquished Creatures
  A phantom (D:5)
  A hound (D:5)
  3 adders
  2 worms (D:2)
  A dart slug (D:1)
  5 orcs
  An endoplasm (D:1)
  A giant cockroach (D:2)
  7 goblins
  3 hobgoblins
  2 jackals (D:1)
  2 kobolds (D:1)
  5 quokkas
  2 ball pythons (D:1)
  5 bats
  2 frilled lizards
  6 rats
49 creatures vanquished.

Notes
Turn   | Place    | Note
-------+----------+-------------------------------------------
     0 | D:1      | meek the Demonspawn Gladiator began the quest for the Orb.
     0 | D:1      | Reached XP level 1. HP: 16/16 MP: 1/1
   340 | D:1      | Reached skill level 3 in Axes
   340 | D:1      | Gained mutation: You have a small tail. [demonic ancestry]
   340 | D:1      | Reached XP level 2. HP: 22/22 MP: 2/2
  1099 | D:2      | Gained mutation: You are surrounded by a mild repulsion
                  | field. (EV +2) [demonic ancestry]
  1099 | D:2      | Reached XP level 3. HP: 21/27 MP: 3/3
  1344 | D:2      | Reached skill level 1 in Armour
  1947 | D:3      | Reached XP level 4. HP: 33/33 MP: 4/4
  2064 | D:3      | Found a snail-covered altar of Cheibriados.
  2066 | D:3      | Found a shimmering blue altar of Sif Muna.
  2069 | D:3      | Found a stormy altar of Qazlal.
  2240 | D:3      | You fall into a shaft and drop 2 floors!
  2240 | D:5      | Entered Level 5 of the Dungeon
  2269 | D:5      | Reached skill level 4 in Axes
  2270 | D:5      | Noticed a phantom
  2284 | D:5      | Noticed an ogre
  2287 | D:5      | Killed a phantom
  2288 | D:5      | Reached XP level 5. HP: 20/39 MP: 5/5
  2288 | D:5      | Mangled by an ogre

Illustrated notes

Levels and vault maps discovered:
D:1:      tarquinn_simple_flora_water_d, layout_basic
D:2:      layout_basic
D:3:      layout_basic, minitemple, minmay_quantized
D:5:      layout_loops_ring, enter_ossuary_2

Skill      XL: |  1  2  3  4 |
---------------+-------------+-----
Axes           | 3 4 |  4.5
Dodging        | 3 |  3.2
Armour         | 1 |  1.5
Fighting       | |  2.6
Throwing       | |  1.7
Stealth        | |  0.8

Action                     |  1- 3 |  4- 6 || total
---------------------------+-------+-------++-------
  Melee: War axe           |   125 |    31 ||   156
         Tailslap          |     4 |     3 ||     7
         Punch             |     1 |       ||     1
  Throw: Throwing net      |     2 |       ||     2
 Armour: Leather armour    |    58 |    11 ||    69
  Dodge: Dodged            |   143 |    30 ||   173
